 Dungeon Crawl Stone Soup version 0.28.0-53-g5a82cb258f (webtiles) character file.

Game seed: 15928260233712623988

1649 Zeld the Frost Mage (level 9, 0/57 HPs)
             Began as a Merfolk Ice Elementalist on May 23, 2022.
             Was a Follower of Vehumet.
             Slain by an ice beast (6 damage)
             ... on level 7 of the Dungeon.
             The game lasted 00:14:42 (8833 turns).

Zeld the Frost Mage (Merfolk Ice Elementalist)      Turns: 8833, Time: 00:14:43

Health: 0/57       AC:  5    Str:  8    XL:     9   Next: 0%
Magic:  14/19      EV: 14    Int: 18    God:    Vehumet [*.....]
Gold:   42         SH:  0    Dex: 15    Spells: 10/21 levels left

rFire   . . .      SeeInvis +   a - +2 spear (vorpal)
rCold   . . .      Faith    .   (no shield)
rNeg    . . .      Spirit   .   o - +0 leather armour {rPois}
rPois   +          Reflect  .   E - +0 helmet
rElec   .          Harm     .   q - +0 cloak
rCorr   .          Rampage  .   (no gloves)
Will    .....                   (no boots)
Stlth   ++........              j - amulet of regeneration
HPRegen 0.99/turn               f - ring of see invisible
MPRegen 0.16/turn               D - ring of wizardry

@: brilliant, hasted, very quick
A: (nimble swimmer 2), mertail
a: Renounce Religion


You were on level 7 of the Dungeon.
You worshipped Vehumet.
Vehumet was aware of your devotion.
You visited 2 branches of the dungeon, and saw 8 of its levels.
You also visited: Sewer.

You collected 294 gold pieces.
You spent 252 gold pieces at shops.

Inventory:

Hand Weapons
 a - a +2 vorpal spear (weapon)
Armour
 o - a +0 leather armour of poison resistance (worn)
 q - a +0 cloak (worn)
 E - a +0 helmet (worn)
Jewellery
 f - a ring of see invisible (left hand)
 j - an amulet of regeneration (around neck)
 r - a ring of protection from cold
 D - a ring of wizardry (right hand)
Wands
 k - a wand of paralysis (8)
Scrolls
 b - a scroll of vulnerability {unknown}
 c - 6 scrolls of identify
 h - 4 scrolls of magic mapping
 i - a scroll of torment {unknown}
 l - 3 scrolls of fear {unknown}
 p - 2 scrolls of noise {unknown}
 s - a scroll of silence {unknown}
 t - a scroll of holy word {unknown}
 v - a scroll of fog {unknown}
 w - 3 scrolls of enchant armour {unknown}
 x - a scroll of immolation {unknown}
 y - a scroll of teleportation {unknown}
 C - a scroll of brand weapon {unknown}
Potions
 d - a potion of brilliance
 e - 2 potions of haste
 g - 3 potions of cancellation
 n - a potion of ambrosia {unknown}
 u - 2 potions of might {unknown}
 z - a potion of invisibility {unknown}
 A - 2 potions of heal wounds {unknown}
 B - a potion of mutation {unknown}


   Skills:
 + Level 6.9 Dodging
 - Level 2.1 Stealth
 * Level 6.7 Spellcasting
 * Level 8.9 Ice Magic


You had 10 spell levels left.
You knew the following spells:

 Your Spells              Type           Power      Damage    Failure   Level
a - Freeze                Ice            100%       1d11      1%          1
b - Frozen Ramparts       Ice            100%       1d12      1%          3
c - Ozocubu's Armour      Ice            55%        N/A       1%          3
d - Hailstorm             Conj/Ice       33%        3d8       11%         4

Your spell library contained the following spells:

 Spells                   Type           Power      Damage    Failure   Level
 Shock                    Conj/Air       36%        1d5       6%          1
 Beastly Appendage        Tmut           18%        N/A       6%          1
 Wereblood                Tmut           9%         N/A       10%         2
 Spider Form              Tmut/Pois      9%         N/A       19%         3
 Swiftness                Air            9%         N/A       19%         3
 Airstrike                Air            4%         N/A       52%         4


Dungeon Overview and Level Annotations

Branches:
Dungeon (7/15)             Temple (1/1) D:5           Sewer (visited)

Altars:
Ashenzari
Cheibriados
Dithmenos
Elyvilon
Fedhas
Gozag
Hepliaklqana
Kikubaaqudgha
Makhleb
Nemelex Xobeh
Okawaru
Qazlal
Ru
Sif Muna
Trog
Uskayaw
Vehumet
Wu Jian
Yredelemnul
Zin
The Shining One

Shops:
D:1 :   D:4 [   D:6 ?   D:7 (!


Innate Abilities, Weirdness & Mutations

((You are very nimble when in or above water. (Stealth+, EV+, Speed+++)))
Your lower body shifts to a powerful aquatic tail in water.


Message History

The wall freezes the ice beast but does no damage.
The ice beast misses you.
The wall freezes the kobold.
You kill the kobold!
Vehumet accepts your kill.
The wall freezes the kobold brigand!
The kobold brigand barely misses you.
Casting: Frozen Ramparts (safe; 1% risk of failure)
Confirm with . or Enter, or press ? or * to list all spells.
You cannot sustain more frozen ramparts right now.
Casting: Frozen Ramparts (safe; 1% risk of failure)
Confirm with . or Enter, or press ? or * to list all spells.
Aiming: Freeze (safe; 1% risk of failure)
Press: ? - help, Shift-Dir - straight line, f - kobold brigand
Aim: a kobold brigand, wielding a +0 club and quivering poisoned darts (moderately wounded)
Okay, then.
Casting: Freeze (safe; 1% risk of failure)
Confirm with . or Enter, or press ? or * to list all spells.
The spell is quite dangerous to miscast (12% risk of failure)!
Continue anyway?
Casting: Hailstorm (quite dangerous; 12% risk of failure)
Press: ? - help, Dir - look around, f - activate You feel a surge of power!
A cannonade of hail descends around you!
The hail pelts the orc wizard!
The orc wizard is almost dead.
The hail pelts the orc priest!
You kill the orc priest!
Vehumet accepts your kill.
The ice beast looks more healthy.
The wall freezes the kobold!
You kill the kobold!
Vehumet accepts your kill.
The wall freezes the orc wizard.
You have reached level 9!
Your experience leads to an increase in your attributes!
Increase (S)trength, (I)ntelligence, or (D)exterity?
You feel clever. x2
Your frozen ramparts will break if you move.
Continue?
The frozen ramparts melt away as you move.
The ice beast hits you.
* * * LOW HITPOINT WARNING * * *
The ice beast freezes you.
You die...

#......#..#....#
########..#....#
......#.).#....#
......#...'....#
##....##..#....#
##'#####..#....#
#.........#....#### #
#.........#....#K.#### .##
.....###+##....#@Yo..#....
####...........#.)...#....
#...........#.....'.... #
#...........#.....#....
#.#...........#.....# ...
.#.#..+####....#...### ..
.#.#......#....#...#...K.#
.#.#......#....#...#...o.#
#.#......#....#...#.....#


You could see an ice beast, a kobold brigand and an orc wizard (invisible).

Vanquished Creatures
  Duvessa (D:6)
  Pargi (D:4)
  An ogre (D:6)
  A centaur (D:6)
  3 phantoms
  A kobold brigand (D:5)
  A scorpion (D:6)
  Dowan (D:6)
  3 killer bees (D:7)
  A howler monkey (D:4)
  A hound (D:6)
  3 jellies
  A gnoll shaman (D:5)
  2 orc priests (D:7)
  Jessica (D:2)
  Ijyb (D:3)
  3 iguanas
  2 orc wizards (D:7)
  A hound zombie (D:5)
  12 gnolls
  2 river rats (Sewer)
  8 adders
  2 worms
  A dart slug (D:1)
  5 orcs
  5 bats
  10 endoplasms
  9 giant cockroaches
  13 goblins
  8 hobgoblins
  4 jackals (D:2)
  17 kobolds
  4 quokkas
  10 ball pythons
  5 frilled lizards
  6 rats
150 creatures vanquished.

Notes
Turn   | Place    | Note
-------+----------+-------------------------------------------
     0 | D:1      | Zeld the Merfolk Ice Elementalist began the quest for the
                  | Orb.
     0 | D:1      | Reached XP level 1. HP: 13/13 MP: 3/3
   211 | D:1      | Reached XP level 2. HP: 16/19 MP: 3/5
   891 | D:1      | Found Foerug Beff's Book Shop.
  1123 | D:2      | Found a faded altar of an unknown god.
  1237 | D:2      | Reached XP level 3. HP: 14/24 MP: 2/6
  1241 | D:2      | Learned a level 3 spell: Frozen Ramparts
  1245 | D:2      | Learned a level 3 spell: Ozocubu's Armour
  1608 | D:2      | Noticed Jessica
  1615 | D:2      | Killed Jessica
  1616 | D:2      | Reached skill level 5 in Ice Magic
  1820 | D:2      | Reached XP level 4. HP: 27/30 MP: 6/8
  2757 | D:3      | Reached XP level 5. HP: 18/35 MP: 0/9
  3281 | D:3      | Noticed Ijyb
  3290 | D:3      | Killed Ijyb
  3827 | D:4      | Noticed Pargi
  3835 | D:4      | Killed Pargi
  3836 | D:4      | Reached skill level 6 in Ice Magic
  3836 | D:4      | Reached XP level 6. HP: 41/41 MP: 0/12
  4215 | D:4      | Found Camomant's Armour Shoppe.
  4252 | D:4      | Bought a +0 leather armour of poison resistance for 84 gold
                  | pieces
  4341 | D:4      | Learned a level 4 spell: Hailstorm
  4832 | D:5      | Entered Level 5 of the Dungeon
  4901 | D:5      | Reached XP level 7. HP: 40/46 MP: 11/13
  5076 | D:5      | Reached skill level 5 in Dodging
  5077 | D:5      | Found a staircase to the Ecumenical Temple.
  5100 | Temple   | Entered the Ecumenical Temple
  5365 | Temple   | Became a worshipper of Vehumet
  5844 | D:5      | Reached skill level 5 in Spellcasting
  5844 | D:5      | Reached skill level 7 in Ice Magic
  6627 | D:6      | Noticed Duvessa
  6637 | D:6      | Reached XP level 8. HP: 52/52 MP: 14/16
  6667 | D:6      | Killed Duvessa
  6716 | D:6      | Found a glowing drain.
  6720 | Sewer    | Entered a sewer
  7178 | Sewer    | Reached * piety under Vehumet
  7178 | Sewer    | Offered knowledge of Shock by Vehumet.
  7258 | Sewer    | Found a viscous altar of Jiyva.
  7454 | D:6      | Noticed Dowan
  7468 | D:6      | Killed Dowan
  7469 | D:6      | Reached skill level 8 in Ice Magic
  7660 | D:4      | Bought a +0 helmet for 63 gold pieces
  7816 | D:5      | Found the +8 trident of the Octopus King {venom, rElec
                  | rPois}
  8164 | D:6      | Found Zuisturyma's Magic Scroll Shoppe.
  8170 | D:6      | Bought a scroll of identify for 28 gold pieces
  8170 | D:6      | Bought a scroll of identify for 28 gold pieces
  8403 | D:6      | Bought a scroll of magic mapping for 49 gold pieces
  8469 | D:7      | Found Gis Numm's Distillery.
  8690 | D:7      | Found Kiurghef's Antique Weapon Boutique.
  8827 | D:7      | HP: 2/52 [kobold brigand/+0 club (5)]
  8833 | D:7      | Reached XP level 9. HP: 8/57 MP: 14/19
  8833 | D:7      | Slain by an ice beast

Illustrated notes

Levels and vault maps discovered:
D:1:      dpeg_arrival_boxorama, layout_loops_ring, serial_shops, shop
D:2:      layout_loops_corners, shapermc_ecumenical_altar_notcrosses,
          kennysheep_cluttered_room, chequers_serial_rivers_micro_b,
          minmay_close_crescents, uniq_jessica
D:3:      layout_rooms, bh_walls_and_bars, uniq_ijyb
D:4:      layout_cave_pods, serial_shops, shop_fountains, uniq_pargi
D:5:      layout_loops_corners, minmay_temple_entry_sparse_star,
          supply_closet_lemuel
D:6:      layout_basic, gup_sewer_entry_bowl, serial_shops, shop_statue,
          uniq_duvessa
D:7:      layout_gridville, serial_shops, shop_statue, nicolae_diamond_shop,
          nicolae_inconvenience_store, nicolae_shop_firing_range
Temple:   mainiacjoe_temple_circle_huts

Skill      XL: |  1  2  3  4  5  6  7  8 |
---------------+-------------------------+-----
Dodging        | 3 4 5 6 |  6.9
Ice Magic      | 5 6 7 8 |  8.9
Spellcasting   | 3 4 5 6 |  6.7
Stealth        | |  2.1

Action                   |  1- 3 |  4- 6 |  7- 9 || total
-------------------------+-------+-------+-------++-------
Melee: Unarmed           |    37 |    44 |       ||    81
       Punch             |     2 |       |     1 ||     3
       Halberd           |       |    11 |    45 ||    56
       Spear             |       |       |    93 ||    93
Throw: Throwing net      |       |       |     4 ||     4
 Cast: Freeze            |    41 |    89 |    64 ||   194
       Frozen Ramparts   |       |     4 |    10 ||    14
       Ozocubu's Armour  |       |     1 |     2 ||     3
       Hailstorm         |       |       |     1 ||     1
  Use: Potion            |       |       |     4 ||     4
 Stab: Sleeping          |     3 |     2 |     8 ||    13
Armor: Robe              |    12 |    16 |       ||    28
       Leather armour    |       |     4 |    34 ||    38
Dodge: Dodged            |    44 |    79 |   140 ||   263
